 Dungeon Crawl Stone Soup version 0.23.0 (webtiles) character file.

Game seed: 7630817754318499975

5749 Ihlosi the Slasher (level 11, -2/66 HPs)
             Began as a Kobold Fighter on Feb 15, 2019.
             Was an Elder of the Shining One.
             Slain by a blink frog (4 damage)
             ... on level 2 of the Lair of Beasts.
             The game lasted 00:29:39 (11389 turns).

Ihlosi the Slasher (Kobold Fighter)                Turns: 11389, Time: 00:29:39

Health: -2/66      AC:  9    Str: 16    XL:     11   Next: 5%
Magic:  15/15      EV:  8    Int: 10    God:    the Shining One [****..]
Gold:   574        SH:  0    Dex: 15    Spells: 10/10 levels left

rFire    + + .     SeeInvis .   a - +1 long sword
rCold    . . .     Gourm    .   c - +0 shield
rNeg     + + .     Faith    .   G - +2 leather armour {rF+}
rPois    .         Spirit   .   (no helmet)
rElec    .         Reflect  +   (no cloak)
rCorr    .         Harm     .   m - +1 pair of gloves
MR       .....                  v - +0 pair of boots (curse)
Stlth    +.........             t - +4 amulet of reflection
HPRegen  0.21/turn              w - ring of protection from fire
MPRegen  0.14/turn              (no ring)

@: petrifying (expiring), glowing, very slow
A: small, carnivore
a: Divine Shield, Cleansing Flame, Renounce Religion


You were on level 2 of the Lair of Beasts.
You worshipped the Shining One.
The Shining One was greatly pleased with you.
You were completely stuffed.

You visited 3 branches of the dungeon, and saw 13 of its levels.
You also visited: Sewer.

You collected 574 gold pieces.

Inventory:

Hand Weapons
 a - a +1 long sword (weapon)
 j - a +0 rapier
 k - a +1 war axe of flaming
 o - a +2 mace of holy wrath
Missiles
 h - 45 poisoned needles
 u - 41 bolts
Armour
 b - a +0 scale mail
 c - a +0 shield (worn)
 m - a +1 pair of gloves (worn)
 s - the +0 leather armour of Generosity {-Tele rElec SInv}
   (You found it on level 9 of the Dungeon)

   It insulates you from electricity.
   It lets you see invisible.
   It prevents most forms of teleportation.
 v - a cursed +0 pair of boots (worn)
 F - a +2 robe of magic resistance
 G - a +2 leather armour of fire resistance (worn)
Jewellery
 t - a +4 amulet of reflection (around neck)
 w - a ring of protection from fire (left hand)
 A - an uncursed amulet of magic regeneration {unknown}
Wands
 i - a wand of random effects (23)
 x - a wand of flame (43)
Scrolls
 e - 4 scrolls of remove curse
 g - 3 scrolls of magic mapping
 l - 3 scrolls of enchant weapon
 y - a scroll of enchant armour
Potions
 d - 4 potions of might
 n - 2 potions of flight
 p - 2 potions of haste
 q - 2 potions of lignification {unknown}
 r - 3 potions of mutation {unknown}
 z - a potion of cancellation {unknown}
 B - a potion of resistance {unknown}
 C - a potion of degeneration {unknown}
 D - a potion of curing
Comestibles
 f - 26 rations


   Skills:
 * Level 6.6 Fighting
 * Level 7.9 Long Blades
 * Level 5.4 Armour
 * Level 5.9 Dodging
 - Level 6.0 Shields
 * Level 3.5 Invocations
 * Level 5.5 Evocations


You had 10 spell levels left.
You didn't know any spells.
Your spell library contained the following spells:

 Spells                   Type           Power        Failure   Level  Hunger
 Corona                   Hex            #......      88%         1    ##.....
 Sting                    Conj/Pois      #...         88%         1    ##.....
 Ensorcelled Hibernation  Hex/Ice        #.....       95%         2    ###....
 Poisonous Vapours        Pois/Air       #.....       95%         2    ###....
 Confuse                  Hex            #.......     99%         3    ####...
 Dazzling Spray           Conj/Hex       #.....       99%         3    ####...
 Mephitic Cloud           Conj/Pois/Air  #.......     99%         3    ####...
 Tukima's Dance           Hex            #.......     99%         3    ####...
 Olgreb's Toxic Radiance  Pois           #.......     100%        4    #####..
 Venom Bolt               Conj/Pois      #.........   100%        5    ######.


Dungeon Overview and Level Annotations

Branches:
Dungeon (10/15)            Temple (1/1) D:4            Lair (2/6) D:8
    Orc (0/2) D:10
  Swamp: Lair:2-4    Shoals: Lair:2-4     Snake: Lair:2-4    Spider: Lair:2-4

Altars:
Ashenzari
Cheibriados
Dithmenos
Elyvilon
Fedhas
Gozag
Hepliaklqana
Kikubaaqudgha
Makhleb
Nemelex Xobeh
Okawaru
Qazlal
Ru
Sif Muna
Trog
Uskayaw
Vehumet
Wu Jian
Xom
Yredelemnul
Zin
The Shining One

Annotations:
D:3 3 runed translucent doors, Banto's ghost, amateur DsGl
D:9 3 runed translucent doors, exclusion: obsidian statue, P0WERM0DE's ghost, novice DDFi
D:10 Joseph


Innate Abilities, Weirdness & Mutations

You are small and have problems with some larger weapons.
You are carnivorous and can eat meat at any time.


Message History

The blink frog blinks!
You feel better.
A blink frog comes into view.
You block the blink frog's attack. The basilisk gazes at you.
You are slowing down.
The blink frog hits you!
* * * LOW HITPOINT WARNING * * *
The blink frog blinks!
You barely miss the basilisk.
The basilisk is almost dead.
The blink frog gives a loud, deep croak!
You hear a croak.
The blink frog blinks!
The blink frog closely misses you. The basilisk bites you.
The blink frog blinks! x2
The basilisk closely misses you.
Your limbs are stiffening.
You slash the basilisk!
You kill the basilisk!
The blink frog hits you.
You die...

#.P####### ###..#
##....P.# .###P#...#
..##... ...F....##
#.##.# #.....P..#
#<#..# ####.##..P#
#....# #.....$..#
#.##.# ##....#.P.P.#
#P.#..###..†##......#
##...F@F....# #...#.#
....##.§##.P..# #.##
# >...
#.............#
...............F....
. #....####F...§.....
###P# ##..F..#. ##
####.... ...# ..


You could see 4 blink frogs.

Vanquished Creatures
  Pikel (D:6)
  2 trolls
  A hornet (D:9)
  A hippogriff (Lair:1)
  A wyvern (D:8)
  3 yaks
  A basilisk (Lair:2)
  A water moccasin (Lair:1)
  A porcupine (Lair:1)
  A sky beast (D:7)
  2 phantoms
  2 centaurs
  5 ogres
  3 crocodiles
  2 bullfrogs
  A gnoll sergeant (D:8)
  A water moccasin zombie (D:7)
  6 killer bees (D:8)
  8 wights
  6 crimson imps
  A bullfrog zombie (D:3)
  2 hounds
  A jelly (D:5)
  A centaur zombie (D:7)
  4 orc priests
  A bullfrog skeleton (D:5)
  3 orc wizards
  3 iguanas
  Ijyb (D:3)
  6 worker ants
  A hound zombie (D:8)
  A hound skeleton (D:6)
  2 worker ant zombies
  11 gnolls
  7 adders
  A shadow imp (D:7)
  3 oozes
  2 adder skeletons (D:5)
  An adder zombie (D:5)
  3 worms
  2 dart slugs
  6 leopard geckos
  17 orcs
  5 giant cockroaches
  5 goblins
  7 hobgoblins
  10 jackals
  6 kobolds
  3 quokkas
  6 bats
  7 frilled lizards
  A jackal zombie (D:8)
  A leopard gecko skeleton (D:6)
  A leopard gecko zombie (D:7)
  A quokka skeleton (D:7)
  A quokka zombie (D:6)
  12 rats
195 creatures vanquished.

Vanquished Creatures (collateral kills)
  Erolcha (D:9)
1 creature vanquished.

Vanquished Creatures (others)
  An orc (D:6)
  3 jackals (D:6)
  A goblin (D:2)
5 creatures vanquished.

Grand Total: 201 creatures vanquished

Notes
Turn   | Place    | Note
-------+----------+-------------------------------------------
     0 | D:1      | Ihlosi the Kobold Fighter began the quest for the Orb.
     0 | D:1      | Reached XP level 1. HP: 14/14 MP: 1/1
   384 | D:1      | Reached XP level 2. HP: 17/19 MP: 2/2
   835 | D:1      | Reached XP level 3. HP: 23/23 MP: 3/3
  1096 | D:2      | Noticed an ogre
  1309 | D:3      | Noticed Ijyb
  1319 | D:3      | Killed Ijyb
  1319 | D:3      | Reached skill level 2 in Long Blades
  1319 | D:3      | Reached skill level 1 in Dodging
  1319 | D:3      | Reached XP level 4. HP: 24/29 MP: 4/4
  1559 | D:3      | Noticed Banto's ghost (amateur DsGl)
  1592 | D:3      | Reached XP level 5. HP: 19/33 MP: 5/5
  1744 | D:3      | Found a glowing drain.
  1766 | Sewer    | Entered a sewer
  1966 | Sewer    | Noticed a crocodile
  1972 | Sewer    | Killed a crocodile
  1972 | Sewer    | Reached XP level 6. HP: 35/38 MP: 6/6
  2273 | D:3      | Found a runed translucent gate.
  2274 | D:3      | Found a runed translucent gate.
  2274 | D:3      | Found a runed translucent gate.
  2415 | D:4      | Found a staircase to the Ecumenical Temple.
  2440 | Temple   | Entered the Ecumenical Temple
  2564 | Temple   | Became a worshipper of the Shining One
  2893 | D:4      | Noticed an ogre
  3105 | D:4      | Reached skill level 3 in Long Blades
  3238 | D:4      | Killed an ogre
  3238 | D:4      | Reached skill level 1 in Evocations
  3937 | D:2      | Killed an ogre
  3937 | D:2      | Reached XP level 7. HP: 43/43 MP: 6/8
  4436 | D:5      | Entered Level 5 of the Dungeon
  4547 | D:5      | Found a hide-covered altar of Uskayaw.
  4964 | D:5      | Found an opulent altar of Gozag.
  4965 | D:5      | Found an ancient bone altar of Kikubaaqudgha.
  5423 | D:6      | Reached * piety under the Shining One
  5516 | D:6      | Reached XP level 8. HP: 35/48 MP: 9/9
  5518 | D:6      | Reached skill level 4 in Long Blades
  5606 | D:6      | Found a shattered altar of Ashenzari.
  5854 | D:6      | Noticed Pikel
  5881 | D:6      | Killed Pikel
  5881 | D:6      | Reached skill level 5 in Long Blades
  5881 | D:6      | Reached XP level 9. HP: 16/53 MP: 11/11
  5944 | D:6      | Reached ** piety under the Shining One
  5960 | D:6      | Reached skill level 5 in Fighting
  6236 | D:6      | Found a blossoming altar of Fedhas.
  6352 | D:7      | Reached skill level 5 in Shields
  6357 | D:7      | Found a snail-covered altar of Cheibriados.
  6509 | D:7      | Found a deep blue altar of Sif Muna.
  7057 | D:7      | Reached skill level 1 in Invocations
  7796 | D:8      | Reached skill level 6 in Long Blades
  7952 | D:8      | Reached *** piety under the Shining One
  8167 | D:8      | Reached XP level 10. HP: 24/59 MP: 13/13
  8444 | D:8      | Found a staircase to the Lair.
  8640 | D:8      | Found a shadowy altar of Dithmenos.
  8803 | D:9      | Found a runed translucent gate.
  8803 | D:9      | Found a runed translucent gate.
  8803 | D:9      | Found a runed translucent gate.
  8827 | D:8      | Reached skill level 5 in Armour
  8827 | D:8      | Reached skill level 5 in Dodging
  8935 | D:9      | Got an ichor-stained leather armour
  8994 | D:8      | Identified the +0 leather armour of Generosity {-Tele rElec
                  | SInv} (You found it on level 9 of the Dungeon)
  9193 | D:9      | Reached skill level 7 in Long Blades
  9461 | D:8      | Reached skill level 5 in Evocations
  9790 | D:9      | Found an opulent altar of Gozag.
  9791 | D:9      | Noticed an obsidian statue
  9791 | D:9      | Noticed P0WERM0DE's ghost (novice DDFi)
  9792 | D:9      | Noticed a gargoyle
  9894 | D:9      | Noticed Erolcha
  9903 | D:9      | Killed Erolcha
 10055 | D:9      | Found a burning altar of Makhleb.
 10067 | D:9      | Found a sparkling altar of Nemelex Xobeh.
 10673 | D:10     | Entered Level 10 of the Dungeon
 10674 | D:10     | Reached **** piety under the Shining One
 10690 | D:10     | Noticed a two-headed ogre
 10742 | D:10     | Found a staircase to the Orcish Mines.
 10746 | D:10     | Noticed Joseph
 10782 | Lair:1   | Entered Level 1 of the Lair of Beasts
 10842 | Lair:1   | Found a basalt altar of Yredelemnul.
 11225 | Lair:1   | Reached XP level 11. HP: 63/66 MP: 15/15
 11285 | Lair:1   | Noticed a seven-headed hydra
 11387 | Lair:2   | HP: 2/66 [blink frog (10)]
 11389 | Lair:2   | Slain by a blink frog

Skill      XL: |  1  2  3  4  5  6  7  8  9 10 |
---------------+-------------------------------+-----
Long Blades    | 2 3 5 6 7 |  7.9
Dodging        | 1 2 3 4 5 |  5.9
Shields        | 3 4 5 6 |  6.0
Armour         | 3 4 5 |  5.4
Fighting       | 4 5 6 |  6.6
Evocations     | 1 2 3 4 5 |  5.5
Invocations    | 1 3 |  3.5

Action                   |  1- 3 |  4- 6 |  7- 9 | 10-12 || total
-------------------------+-------+-------+-------+-------++-------
Melee: Long sword        |    82 |   175 |   394 |   240 ||   891
Evoke: Wand              |       |     8 |    18 |     9 ||    35
       Phantom mirror    |       |       |       |     1 ||     1
  Use: Potion            |     1 |     1 |     6 |     2 ||    10
       Scroll            |       |     5 |     5 |     6 ||    16
  Eat: Chunk             |    10 |     7 |    16 |    10 ||    43
Armor: Scale mail        |    30 |    67 |   107 |     7 ||   211
       Leather armour    |       |       |       |    24 ||    24
Dodge: Dodged            |    28 |    76 |   147 |   101 ||   352
Block: Shield            |    38 |   129 |   330 |   157 ||   654
       Reflection        |       |     3 |    16 |       ||    19
       Rpst.: Long sword |     6 |    30 |    49 |    28 ||   113
